 Dungeon Crawl Stone Soup version 0.31-a0-1042-ga9834b393d (webtiles) character file.

Game seed: 7658031792574948461

1498 kamadav the Thaumaturge (level 8, -5/53 HPs)
             Began as a Mummy Necromancer on Nov 20, 2023.
             Was a Believer of Sif Muna.
             Slain by Maggie
             ... wielding a +1 morningstar of flaming
              (10 damage)
             ... on level 6 of the Dungeon.
             The game lasted 00:41:53 (6592 turns).

kamadav the Thaumaturge (Mummy Necromancer)         Turns: 6592, Time: 00:41:53

Health: -5/53      AC:  7    Str: 12    XL:     8   Next: 52%
Magic:  15/21      EV:  9    Int: 20    God:    Sif Muna [**....]
Gold:   219        SH:  0    Dex: 12    Spells: 12/25 levels left

rFire   x . .        (no weapon)
rCold   + . .        (no shield)
rNeg    + + +        k - +0 scale mail of Quedow {Int+4 Stlth+}
rPois   ∞            (no helmet)
rElec   .            (no cloak)
rCorr   .            n - +0 pair of gloves
SInv    .            (no boots)
Will    +....        (no amulet)
Stlth   ++           (no ring)
HPRegen 0.28/turn    (no ring)
MPRegen 0.17/turn

%: faith
@: no status effects
A: cold resistance 1, negative energy resistance 3, torment resistance 2, heat
vulnerability 1, in touch with death 1, no potions, faith
a: Renounce Religion, Channel Magic


You were on level 6 of the Dungeon.
You worshipped Sif Muna.
Sif Muna was pleased with you.
You visited 1 branch of the dungeon, and saw 6 of its levels.

You collected 245 gold pieces.
You spent 26 gold pieces at shops.

Inventory:

Hand Weapons
 h - a +0 dagger
 l - a +4 whip
 o - a +0 mace of holy wrath
 t - a +3 quarterstaff of chaos
 v - a +2 hammer of draining
Armour
 a - a +0 robe
 k - the +0 scale mail of Quedow (worn) {Int+4 Stlth+}
   (You found it on level 2 of the Dungeon)

   Int+4:     It affects your intelligence (+4).
   Stlth+:    It makes you more stealthy.
 n - a +0 pair of gloves (worn)
 u - a +0 cloak
Jewellery
 r - a ring of protection from fire
Scrolls
 c - a scroll of fear
 e - 2 scrolls of fog
 i - a scroll of teleportation
 m - 2 scrolls of identify
 q - a scroll of enchant armour {unknown}
 s - a scroll of amnesia {unknown}
 w - 2 scrolls of noise {unknown}
Potions
 b - 2 potions of resistance
 d - a potion of heal wounds {unknown}
 f - 2 potions of mutation
 g - 2 potions of curing {unknown}
 j - a potion of degeneration {unknown}
 p - a potion of cancellation {unknown}


   Skills:
 + Level 0.7 Fighting
 + Level 1.1 Maces & Flails
 + Level 0.1(0.6) Staves
 + Level 1.2 Armour
 + Level 1.7 Dodging
 + Level 2.0 Stealth
 * Level 9.2 Spellcasting
 * Level 8.0 Necromancy


You had 12 spell levels left.
You knew the following spells:

 Your Spells              Type           Power      Damage    Failure   Level
a - Necrotise             Necr           100%       1d9       1%          1
b - Animate Dead          Necr           58%        N/A       14%         4
c - Vampiric Draining     Necr           58%        2d10      4%          3
d - Agony                 Necr           58%        N/A       38%         5

Your spell library contained the following spells:

 Spells                   Type           Power      Damage    Failure   Level
 Tukima's Dance           Hex            9%         N/A       77%         3
 Passage of Golubria      Tloc           9%         N/A       99%         4
 Yara's Violent Unravell  Hex/Tmut       4%         3d4       100%        5


Dungeon Overview and Level Annotations

Branches:
Dungeon (6/15)
 Temple: D:4-7

Altars:
Ashenzari
Gozag
Sif Muna
Wu Jian

Shops:
D:1 ?*   D:4 ??:

Annotations:
D:4 Menkaure
D:6 Maggie


Innate Abilities, Weirdness & Mutations

You are immune to poison.
Your flesh is cold resistant. (rC+)
You are immune to negative energy. (rN+++)
You are immune to unholy pain and torment.
You are vulnerable to heat. (rF-)
You are in touch with the powers of death.
You do not drink.
You have a special connection with the divine. (Faith)


Message History

You see here a hound skeleton.
Found a dagger.
Found a stone staircase leading up.
w - 2 scrolls labelled LAG VYGRIR
Found a stone staircase leading down.
Maggie the Vainglorious comes into view.
She is wielding a +1 morningstar of flaming.
Found 7 gold pieces.
Casting: Vampiric Draining (dangerous; 4% risk of failure)
Confirm with . or Enter, or press ? or * to list all spells.
You can't see any susceptible monsters within range! (Use Z to cast anyway.)
Casting: Vampiric Draining (dangerous; 4% risk of failure)
Confirm with . or Enter, or press ? or * to list all spells.
You can't see any susceptible monsters within range! (Use Z to cast anyway.)
Casting: Vampiric Draining (dangerous; 4% risk of failure)
Confirm with . or Enter, or press ? or * to list all spells.
Aiming: Vampiric Draining (dangerous; 4% risk of failure)
Press: ? - help, Shift-Dir - straight line, f - Maggie
Aim: Maggie, wielding a +1 morningstar of flaming and wearing +0 acid dragon scales (asleep, ally target)
You feel a surge of power!
Maggie shouts!
You draw life force from Maggie!
Maggie points at you and mumbles some strange words.
The bolt of fire hits you!!! The fire burns you terribly!
Ouch! That really hurt!
The bolt of fire hits Dowan!!
You swap places.
Dowan barely misses Maggie.
Maggie hits Dowan with a +1 morningstar of flaming!
Maggie burns Dowan.
Dowan is destroyed!
Casting: Vampiric Draining (dangerous; 4% risk of failure)
Confirm with . or Enter, or press ? or * to list all spells.
Aiming: Vampiric Draining (dangerous; 4% risk of failure)
Press: ? - help, Shift-Dir - straight line, f/p - Maggie
Aim: Maggie, wielding a +1 morningstar of flaming and wearing +0 acid dragon scales (moderately wounded)
You feel a surge of power!
You draw life force from Maggie.
You feel life coursing into your body.
Maggie hits you with a +1 morningstar of flaming!
* * * LOW HITPOINT WARNING * * *
Maggie burns you!
You die...

. ######....
#.###.@....#
#>...@######
#$###..#
##.# #.#
#.######.#
#.......<#
#.#
###..#####
#.# ##..##
... ##..#
#.#


You could see Maggie.

Vanquished Creatures
  A steam dragon (D:5)
  A water moccasin (D:5)
  Duvessa (D:6)
  A black bear (D:6)
  2 ogres (D:5)
  3 phantoms
  A scorpion (D:5)
  Dowan (D:6)
  2 jellies
  5 hounds
  Crazy Yiuf (D:5)
  Ijyb (D:4)
  4 iguanas
  Terence (D:3)
  6 adders
  4 gnolls
  A white imp (D:3)
  2 worms
  6 orcs
  7 endoplasms
  A giant cockroach (D:3)
  3 goblins
  7 hobgoblins
  4 jackals (D:2)
  4 quokkas
  8 ball pythons
  2 bats
  3 frilled lizards
  A hobgoblin zombie (D:5)
  10 kobolds
  A rat (D:3)
95 creatures vanquished.

Vanquished Creatures (collateral kills)
  A mummy (D:5)
  A ball python (D:1)
  A frilled lizard (D:2)
  A goblin zombie (D:5)
4 creatures vanquished.

Vanquished Creatures (others)
  A hound zombie (D:6)
  2 elf zombies (D:6)
  An adder zombie (D:6)
4 creatures vanquished.

Grand Total: 103 creatures vanquished

Notes
Turn   | Place    | Note
-------+----------+-------------------------------------------
     0 | D:1      | kamadav the Mummy Necromancer began the quest for the Orb.
     0 | D:1      | Reached XP level 1. HP: 13/13 MP: 4/4
    48 | D:1      | Found Ceereffy's General Store.
   373 | D:1      | Reached skill level 3 in Spellcasting
   373 | D:1      | Reached XP level 2. HP: 19/19 MP: 4/6
   492 | D:1      | Found The Oracle's Delphic Readings.
   731 | D:2      | Identified the +0 scale mail of Quedow {Int+4 Stlth+}
   818 | D:2      | Found an ornate altar of the Wu Jian Council.
   979 | D:2      | Reached XP level 3. HP: 24/24 MP: 6/8
  1290 | D:3      | Reached skill level 4 in Spellcasting
  1340 | D:3      | Reached XP level 4. HP: 21/30 MP: 6/10
  1345 | D:3      | Learned a level 4 spell: Animate Dead
  1370 | D:3      | Found a faded altar of an unknown god.
  1430 | D:3      | Found an opulent altar of Gozag.
  1442 | D:3      | Prayed at the altar of an unknown god.
  1442 | D:3      | Became a worshipper of Sif Muna the Loreminder
  1442 | D:3      | Reached * piety under Sif Muna
  1530 | D:3      | Learned a level 3 spell: Vampiric Draining
  1720 | D:3      | Noticed Terence
  1725 | D:3      | Killed Terence
  1726 | D:3      | Reached skill level 5 in Necromancy
  2324 | D:3      | Found a shimmering blue altar of Sif Muna.
  2834 | D:4      | Found Maecuing's Magic Scroll Shoppe.
  2836 | D:4      | Noticed Menkaure
  2960 | D:3      | Reached XP level 5. HP: 33/35 MP: 9/12
  3011 | D:4      | Found Zeoxti's Magic Scroll Boutique.
  3011 | D:4      | Noticed a phantom
  3035 | D:4      | Killed a phantom
  3036 | D:4      | Reached skill level 5 in Spellcasting
  3038 | D:4      | Bought a scroll of identify for 26 gold pieces
  3271 | D:4      | Found Xysoloes's Book Shoppe.
  3277 | D:4      | Noticed Ijyb
  3295 | D:4      | Killed Ijyb
  3296 | D:4      | Reached skill level 6 in Spellcasting
  3296 | D:4      | Reached XP level 6. HP: 41/41 MP: 5/15
  3307 | D:5      | Entered Level 5 of the Dungeon
  3850 | D:5      | Found a broken altar of Ashenzari.
  3925 | D:5      | Reached ** piety under Sif Muna
  4259 | D:5      | Reached skill level 7 in Spellcasting
  4259 | D:5      | Reached XP level 7. HP: 41/46 MP: 5/17
  4871 | D:5      | Noticed a steam dragon
  4929 | D:5      | Killed a steam dragon
  4930 | D:5      | Reached skill level 1 in Armour
  4943 | D:5      | Reached skill level 1 in Maces & Flails
  4943 | D:5      | Reached skill level 8 in Spellcasting
  5253 | D:5      | Learned a level 5 spell: Agony
  5360 | D:5      | Reached XP level 8. HP: 53/53 MP: 12/20
  5724 | D:5      | Found a runed translucent door.
  5725 | D:5      | Noticed Crazy Yiuf
  6035 | D:5      | Killed Crazy Yiuf
  6205 | D:6      | Noticed Duvessa
  6209 | D:6      | Noticed Dowan
  6345 | D:6      | Killed Duvessa
  6346 | D:6      | Reached skill level 9 in Spellcasting
  6350 | D:6      | Your ally Duvessa died
  6481 | D:6      | Killed Dowan
  6586 | D:6      | Noticed Maggie
  6590 | D:6      | Your ally Dowan died
  6592 | D:6      | Slain by Maggie

Illustrated notes

Levels and vault maps discovered:
D:1:      dpeg_arrival_boxes_within_box, layout_basic,
          hellmonk_ecumenical_altar_run_dry, serial_shops,
          nicolae_shop_gibbet_a_chance, nicolae_nh_oracle_at_delphi
D:2:      layout_basic, basic_altar, serial_bayou_crossing
D:3:      layout_basic, lemuel_blue_sif_altar,
          nicolae_overflow_ecumenical_swirl,
          nicolae_concentric_dashed_squares_mild, uniq_terence
D:4:      cheibrodos_greedy_goblins, layout_cave_pods, serial_shops,
          nicolae_shop_trees, nicolae_shop_just_a_little_nook, shop,
          kennysheep_little_box, uniq_menkaure, uniq_ijyb
D:5:      layout_basic, nicolae_ashenzari_skybound, nicolae_ossuary_entry_giza,
          grunt_ministairs_6, roderic_lattice_a, amcnicky_mini_corridor_feature,
          columned_hall_lemuel, uniq_crazy_yiuf_cottage
D:6:      layout_basic, minmay_fractal_squares_5, uniq_maggie, uniq_sigmund,
          uniq_prince_ribbit1, uniq_duvessa

Skill      XL: |  1  2  3  4  5  6  7  8 |
---------------+-------------------------+-----
Spellcasting   | 3 4 6 7 8 9 |  9.2
Necromancy     | 5 6 7 8 |  8.0
Armour         | 1 |  1.2
Maces & Flails | 1 |  1.1
Stealth        | 2 |  2.0
Fighting       | |  0.7
Staves         | |  0.1
Dodging        | |  1.7

Action                     |  1- 3 |  4- 6 |  7- 9 || total
---------------------------+-------+-------+-------++-------
  Melee: Whip              |    10 |    51 |    24 ||    85
         Punch             |       |       |     1 ||     1
         Quarterstaff      |       |       |     6 ||     6
   Cast: Necrotise         |    59 |    69 |    20 ||   148
         Animate Dead      |       |     8 |     9 ||    17
         Vampiric Draining |       |    15 |    30 ||    45
    Use: Scroll            |       |     6 |       ||     6
   Stab: Distracted        |       |     1 |       ||     1
         Sleeping          |       |       |     1 ||     1
 Armour: Robe              |     8 |       |       ||     8
         Scale mail        |     9 |    56 |    53 ||   118
         Skin              |       |     9 |       ||     9
  Dodge: Dodged            |    17 |    42 |    25 ||    84

Table legend: (Time is in decaauts)
 A = Elapsed time spent in this place.
 B = Non-inter-level travel time spent in this place.
 C = Inter-level travel time spent in this place.
 D = Time resting spent in this place.
 E = Time spent auto-exploring this place.
 F = Levels seen in this place.
 G = Mean time per level.
                   A        B        C        D        E       F      G
               +--------+--------+--------+--------+--------+-----+--------+
         Total |   6605 |   4723 |   1882 |   1844 |   1650 |   6 | 1100.8 |
       Dungeon |   6605 |   4723 |   1882 |   1844 |   1650 |   6 | 1100.8 |
               +--------+--------+--------+--------+--------+-----+--------+

Top non-repeatable levels by time:
     D:5: 3029 daAuts
     D:3: 1650 daAuts
     D:2: 701 daAuts
     D:1: 601 daAuts
     D:4: 362 daAuts
     D:6: 259 daAuts
